 Dungeon Crawl Stone Soup version 0.30-a0-777-ga9a30cbeda (console) character file.

Game seed: 12337539650142408422

564 rlgrobin the Insei (level 7, -3/52 HPs)
             Began as a Mummy Monk on Feb 15, 2023.
             Slain by a black bear (4 damage)
             ... on level 6 of the Dungeon.
             The game lasted 00:09:15 (5003 turns).

rlgrobin the Insei (Mummy Monk)                     Turns: 5003, Time: 00:09:15

Health: -3/52      AC:  3    Str: 15    XL:     7   Next: 10%
Magic:  7/7        EV: 13    Int:  9    God:
Gold:   319        SH:  0    Dex: 16    Spells: 6/6 levels left

rFire   x . .      SeeInvis .      - Unarmed
rCold   + . .      Faith    +    (no shield)
rNeg    + + +      Spirit   .    (no body armour)
rPois   ∞          Reflect  .    d - +2 hat
rElec   .          Harm     .    e - +0 cloak
rCorr   +          Rampage  .    (no gloves)
Will    +....                    (no boots)
Stlth   ++                       (no amulet)
HPRegen 0.28/turn                k - ring "Gess" {rN++ Will+}
MPRegen 0.10/turn                f - ring of resist corrosion

@: no status effects
A: cold resistance 1, negative energy resistance 3, torment resistance 2, heat
vulnerability 1, in touch with death 1, no potions, faith
a: no special abilities


You were on level 6 of the Dungeon.
You visited 1 branch of the dungeon, and saw 7 of its levels.

You collected 319 gold pieces.

Inventory:

Armour
 d - a +2 hat (worn)
 e - a +0 cloak (worn)
Jewellery
 f - a ring of resist corrosion (right hand)
 k - the ring "Gess" (left hand) {rN++ Will+}
   (You found it on level 5 of the Dungeon)

   [ring of willpower]

   rN:        It greatly protects you from negative energy.
   Will:      It increases your willpower.
Scrolls
 a - a scroll of noise {unknown}
 b - 3 scrolls of teleportation
 g - 2 scrolls of fear
 h - a scroll of poison
 i - a scroll of enchant armour {unknown}
 j - a scroll of brand weapon {unknown}


   Skills:
 - Level 3.0 Fighting
 + Level 3.4 Dodging
 - Level 2.0 Stealth
 - Level 6.2 Unarmed Combat


You had 6 spell levels left.
You didn't know any spells.
Your spell library contained the following spells:

 Spells                   Type           Power      Damage    Failure   Level
 Gell's Gravitas          Tloc           0%         N/A       77%         3
 Teleport Other           Tloc           0%         N/A       77%         3
 Dispersal                Tloc           0%         N/A       100%        6


Dungeon Overview and Level Annotations

Branches:
Dungeon (7/15)             Temple (0/1) D:4

Altars:

Annotations:
D:3 Ijyb
D:4 exclusions: lemure and 1 more exclusion
D:5 exclusion: phantom, Sigmund
D:6 exclusions: orc, orc warrior and 1 more exclusion, Dowan


Innate Abilities, Weirdness & Mutations

You are immune to poison.
Your flesh is cold resistant. (rC+)
You are immune to negative energy. (rN+++)
You are immune to unholy pain and torment.
You are vulnerable to heat. (rF-)
You are in touch with the powers of death.
You do not drink.
You have a special connection with the divine. (Faith)


Message History

The black bear bites you. The black bear misses you.
The black bear closely misses you.
You hit the black bear.
The black bear is severely wounded.
The black bear goes berserk!
You hit the black bear but do no damage.
The black bear is severely wounded.
The black bear bites you.
* * * LOW HITPOINT WARNING * * *
The black bear barely misses you.
The black bear claws you but does no damage.
The black bear barely misses you. The black bear misses you.
The black bear completely misses you.
You hit the black bear.
The black bear is severely wounded.
The black bear barely misses you.
The black bear claws you but does no damage.
The black bear barely misses you.
You hit the black bear.
The black bear is almost dead.
The black bear bites you.
* * * LOW HITPOINT WARNING * * *
The black bear claws you.
* * * LOW HITPOINT WARNING * * *
The black bear barely misses you.
You hit the black bear.
The black bear is almost dead.
The black bear bites you but does no damage.
The black bear barely misses you. The black bear claws you.
* * * LOW HITPOINT WARNING * * *
The black bear barely misses you. The black bear completely misses you.
The black bear barely misses you.
You closely miss the black bear.
The black bear is almost dead.
The black bear barely misses you. The black bear completely misses you.
The black bear barely misses you.
You closely miss the black bear. Your punch misses the black bear.
The black bear is almost dead.
The black bear barely misses you. The black bear claws you.
You die...

. . ##. . ##.. #
.... ### # #..#
##.## #
#..###...# #
#..#....##
##.....h@.## .
#..........# o
#......#....# o
.....#...#.....#
....
##..#....... #
... ........)...
+ ..
..##..#....#..
## #####..
........#.# .#
+#...#+# .##


You could see a black bear (berserk).

Vanquished Creatures
  An ice beast (D:5)
  A centaur (D:4)
  A bullfrog (D:6)
  2 scorpions (D:4)
  A hound (D:6)
  An iguana (D:5)
  8 adders
  2 worms
  A dart slug (D:3)
  4 orcs
  5 endoplasms
  6 giant cockroaches
  5 goblins
  6 hobgoblins
  7 jackals
  3 quokkas (D:2)
  6 ball pythons
  7 bats
  5 frilled lizards
  3 kobolds
  7 rats
82 creatures vanquished.

Vanquished Creatures (others)
  4 toadstools (D:4)
4 creatures vanquished.

Grand Total: 86 creatures vanquished

Notes
Turn   | Place    | Note
-------+----------+-------------------------------------------
     0 | D:1      | rlgrobin the Mummy Monk began the quest for the Orb.
     0 | D:1      | Reached XP level 1. HP: 18/18 MP: 1/1
   300 | D:1      | Reached XP level 2. HP: 20/24 MP: 2/2
   537 | D:1      | Reached skill level 3 in Unarmed Combat
  1212 | D:2      | Gained mutation: You are in touch with the powers of death.
                  | [Mummy growth]
  1212 | D:2      | Reached XP level 3. HP: 29/29 MP: 3/3
  1764 | D:2      | Reached XP level 4. HP: 35/35 MP: 4/4
  1862 | D:2      | Reached skill level 4 in Unarmed Combat
  2117 | D:3      | Noticed Ijyb
  2379 | D:4      | Noticed a lemure
  2814 | D:4      | Noticed a phantom
  2989 | D:4      | Noticed a centaur
  3008 | D:4      | Killed a centaur
  3009 | D:4      | Reached skill level 5 in Unarmed Combat
  3009 | D:4      | Reached XP level 5. HP: 12/41 MP: 5/5
  3315 | D:4      | Reached XP level 6. HP: 28/47 MP: 6/6
  3598 | D:4      | Found a staircase to the Ecumenical Temple.
  3904 | D:5      | Entered Level 5 of the Dungeon
  3981 | D:5      | Noticed an ice beast
  4009 | D:5      | Killed an ice beast
  4010 | D:5      | Reached skill level 6 in Unarmed Combat
  4150 | D:5      | Noticed Sigmund
  4284 | D:5      | Identified the ring "Gess" {rN++ Will+}
  4702 | D:6      | Reached XP level 7. HP: 38/52 MP: 7/7
  4880 | D:6      | Noticed Dowan
  5001 | D:6      | HP: 1/52 [black bear (6)]
  5003 | D:6      | Slain by a black bear

Illustrated notes

Levels and vault maps discovered:
D:1:      psy_arrival_fountain, layout_loops_ring, grunt_decor_junction,
          st_stairs_4
D:2:      layout_basic
D:3:      layout_rooms, dreamdust_princess_corridor, uniq_ijyb
D:4:      layout_loops_ring, minmay_temple_entry_poolview,
          minmay_gold_behind_fungi, minmay_fractal_squares_diagonal_5,
          uniq_pikel
D:5:      layout_loops_ring, uniq_sigmund
D:6:      nicolae_cairo_tiling_very_big, layout_cave_pools, uniq_duvessa
D:7:      layout_layer_cave, vehumet_altar_wand_db,
          chequers_temple_overflow_statue_of_worship, nicolae_island_escapes,
          uniq_joseph

Skill      XL: |  1  2  3  4  5  6 |
---------------+-------------------+-----
Stealth        | 2 |  2.0
Unarmed Combat | 3 5 6 |  6.2
Dodging        | 3 |  3.4
Fighting       | |  3.0

Action                     |  1- 3 |  4- 6 |  7- 9 || total
---------------------------+-------+-------+-------++-------
  Melee: Unarmed           |   155 |   184 |    25 ||   364
         Punch             |     5 |     8 |       ||    13
    Use: Scroll            |       |     7 |       ||     7
   Stab: Sleeping          |     7 |     6 |       ||    13
 Armour: Skin              |    15 |    33 |     9 ||    57
  Dodge: Dodged            |    84 |   107 |    26 ||   217

Table legend: (Time is in decaauts)
 A = Elapsed time spent in this place.
 B = Non-inter-level travel time spent in this place.
 C = Inter-level travel time spent in this place.
 D = Time resting spent in this place.
 E = Time spent auto-exploring this place.
 F = Levels seen in this place.
 G = Mean time per level.
                   A        B        C        D        E       F      G
               +--------+--------+--------+--------+--------+-----+--------+
         Total |   4972 |   4714 |    258 |    894 |   2795 |   7 |  710.3 |
       Dungeon |   4972 |   4714 |    258 |    894 |   2795 |   7 |  710.3 |
               +--------+--------+--------+--------+--------+-----+--------+

Top non-repeatable levels by time:
     D:4: 1231 daAuts
     D:1: 1204 daAuts
     D:2: 1012 daAuts
     D:5: 798 daAuts
     D:3: 433 daAuts
     D:6: 265 daAuts
     D:7: 25 daAuts
